 Dungeon Crawl Stone Soup version 0.17.0-27-g4a3f43e (webtiles) character file.

165 septik the Sneak (level 5, -1/24 HPs)
             Began as a Spriggan Enchanter on Nov 21, 2015.
             Slain by an orc
             ... wielding a +0 mace
              (9 damage)
             ... on level 3 of the Dungeon.
             The game lasted 00:10:11 (3145 turns).

septik the Sneak (Spriggan Enchanter)               Turns: 3145, Time: 00:10:11

Health: -1/24      AC:  4    Str:  4    XL:     5   Next: 22%
Magic:  1/10       EV: 18    Int: 16    God:
Gold:   131        SH:  0    Dex: 18    Spells: 2 memorised, 6 levels left

rFire  . . .     SeeInvis +     i - +0 dagger (speed)
rCold  . . .     Clarity  .     b - +2 robe
rNeg   . . .     SustAt   .     (shield restricted)
rPois  .         Gourm    .     (helmet restricted)
rElec  .         Spirit   .     (no cloak)
rCorr  .         Warding  .     (gloves unavailable)
rMut   .         Stasis   .     (boots unavailable)
MR     .....                    (no amulet)
Stlth  ++++......               (no ring)
                                (no ring)

@: lethally poisoned (-1 -> -4), very slightly contaminated, very quick, not
resistant to hostile enchantments, stealthy
A: unfitting armour, see invisible, herbivore 3, speed 3, slow metabolism 2
a: no special abilities


You were on level 3 of the Dungeon.
You were not hungry.

You visited 1 branch of the dungeon, and saw 3 of its levels.

You collected 131 gold pieces.

Inventory:

Hand Weapons
 a - a +1 dagger
 i - a +0 dagger of speed (weapon)
 m - a +2 short sword of speed
Missiles
 f - 179 stones (quivered)
Armour
 b - a +2 robe (worn)
Scrolls
 h - a scroll of blinking
 r - 2 scrolls of remove curse
Potions
 e - 2 potions of flight
 g - a potion of ambrosia
 p - a potion of curing {unknown}
 t - a potion of resistance {unknown}
Books
 c - a book of Maledictions

   Spells                             Type                      Level
   a - Corona                         Hexes                        1
   b - Ensorcelled Hibernation        Hexes/Ice                    2
   c - Confuse                        Hexes                        3
   d - Tukima's Dance                 Hexes                        3
   e - Dazzling Spray                 Conjuration/Hexes            3
Comestibles
 d - 3 bread rations
 j - a royal jelly
 l - a fruit
 s - a meat ration


   Skills:
 + Level 4.3 Short Blades
 - Level 3.0 Dodging
 + Level 6.8 Stealth
 - Level 2.6 Spellcasting
 - Level 3.6 Hexes


You had 6 spell levels left.
You knew the following spells:

 Your Spells              Type           Power        Failure   Level  Hunger
a - Corona                Hex            ##.....      6%          1    #......
b - Ensorcelled Hibernat  Hex/Ice        #.....       17%         2    ##.....


Dungeon Overview and Level Annotations

Branches:
Dungeon (3/15)

Altars:
Fedhas

Portals:
Sewer: D:3


Innate Abilities, Weirdness & Mutations

You are tiny and cannot use many weapons and most armour.
You have supernaturally acute eyesight.
You are a herbivore.
You cover ground extremely quickly.
You need consume almost no food.


Message History

The orc closely misses you.
You barely miss the orc.
The orc is moderately wounded.
You feel sick.
You barely miss the orc.
The orc is moderately wounded.
You closely miss the orc.
The orc is moderately wounded.
The orc barely misses you.
You hit the orc but do no damage.
The orc is moderately wounded.
You hit the orc.
The orc is severely wounded.
The orc barely misses you.
You closely miss the orc.
The orc is severely wounded.
You hit the orc but do no damage.
The orc is severely wounded.
The orc hits you with a mace!
You die...

#...)# ###........<.....o......#
#....###...........#####.......#
####...).......##...# ####...##
≈∩≈#..###..o....##..# #####.....#
####..###...[.).)..####........##
#..............#....##....#.....
###...###.....###.#..........##.
####)###############......$..!...
.......).......#@..###g.)....###
#.##.##.########o<.# ##....#.#
..##.##....# #...# #....# #
...#.#####.### #...# ####...
.#o#..####...###.).### .#.#
.#..o............⌠...# ...#
..###...##...##.....## ...#
...##..####...##...## ⌠..
...##..# ###.###.##


You could see an orc.

Vanquished Creatures
  An orc priest (D:3)
  A gnoll (D:1)
  4 adders
  An ooze (D:1)
  2 worms (D:2)
  4 giant geckos
  4 orcs (D:3)
  11 bats
  4 giant cockroaches
  4 goblins
  6 hobgoblins
  4 jackals (D:1)
  4 giant newts
  11 kobolds
  10 rats
71 creatures vanquished.

Notes
Turn   | Place    | Note
--------------------------------------------------------------
     0 | D:1      | septik the Spriggan Enchanter began the quest for the Orb.
     0 | D:1      | Reached XP level 1. HP: 9/9 MP: 5/5
   257 | D:1      | Reached XP level 2. HP: 8/13 MP: 6/6
  1092 | D:1      | Reached skill level 5 in Stealth
  1114 | D:1      | Learned a level 2 spell: Ensorcelled Hibernation
  1533 | D:1      | Reached XP level 3. HP: 16/16 MP: 8/8
  1854 | D:2      | Found a blossoming altar of Fedhas.
  1971 | D:2      | Reached XP level 4. HP: 19/21 MP: 9/9
  2247 | D:2      | Reached skill level 6 in Stealth
  2762 | D:3      | Reached XP level 5. HP: 24/24 MP: 0/10
  2927 | D:3      | Found a glowing drain.
  3145 | D:3      | Slain by an orc

Action                   |  1- 3 |  4- 6 || total
-------------------------+-------+-------++-------
Melee: Dagger            |   209 |   115 ||   324
 Cast: Ensorcelled Hiber |     6 |    15 ||    21
  Use: Scroll            |       |     8 ||     8
 Stab: Sleeping          |    13 |    22 ||    35
       Distracted        |     1 |       ||     1
  Eat: Fruit             |       |     2 ||     2
